 Dungeon Crawl Stone Soup version 0.28.0-1-gb440e238dd (webtiles) character file.

Game seed: 16684983191653382949

1202 inmateoo the Cudgeller (level 8, -5/67 HPs)
             Began as a Demigod Warper on Feb 22, 2022.
             Slain by Duvessa (6 damage)
             ... on level 5 of the Dungeon.
             The game lasted 00:03:46 (4133 turns).

inmateoo the Cudgeller (Demigod Warper)             Turns: 4133, Time: 00:03:47

Health: -5/67      AC:  7    Str: 20    XL:     8   Next: 1%
Magic:  15/15      EV: 12    Int: 15    God:
Gold:   206        SH:  0    Dex: 13    Spells: 6/13 levels left

rFire   . . .      SeeInvis .   p - +6 shillelagh "Devastator" {shatter}
rCold   . . .      Faith    .   (no shield)
rNeg    . . .      Spirit   .   b - +0 leather armour
rPois   .          Reflect  .   (no helmet)
rElec   .          Harm     .   (no cloak)
rCorr   +          Rampage  .   (no gloves)
Will    .....                   (no boots)
Stlth   +.........              (no amulet)
HPRegen 0.21/turn               f - ring of resist corrosion
MPRegen 0.14/turn               n - +4 ring of protection

@: no status effects
A: high MP 1, forlorn, divine attributes
a: no special abilities


You were on level 5 of the Dungeon.
You visited 1 branch of the dungeon, and saw 5 of its levels.

You collected 206 gold pieces.

Inventory:

Hand Weapons
 k - a +0 war axe
 p - the +6 shillelagh "Devastator" (weapon) {shatter}
   (You found it on level 2 of the Dungeon)

   It releases a powerful concussive burst when it strikes, dealing extra damage
   to the target and all other foes adjacent to them.
 u - a +3 flail of holy wrath
Missiles
 d - 5 boomerangs of dispersal
 i - 2 boomerangs
 r - 4 curare-tipped darts (quivered)
Armour
 b - a +0 leather armour (worn)
Jewellery
 f - a ring of resist corrosion (left hand)
 n - a +4 ring of protection (right hand)
Wands
 a - a wand of acid (11)
 v - a wand of iceblast (10)
Scrolls
 c - a scroll of blinking
 e - 2 scrolls of magic mapping {unknown}
 g - 2 scrolls of noise {unknown}
 h - 3 scrolls of enchant armour {unknown}
 l - a scroll of brand weapon {unknown}
 m - 2 scrolls of identify {unknown}
 o - a scroll of teleportation {unknown}
 q - a scroll of fear {unknown}
 s - a scroll of vulnerability {unknown}
Potions
 j - a potion of resistance {unknown}
 t - a potion of ambrosia {unknown}


   Skills:
 + Level 4.5 Fighting
 - Level 3.1(4.7) Axes
 * Level 5.3(5.7) Maces & Flails
 - Level 0.8 Throwing
 - Level 2.0 Armour
 - Level 3.0 Dodging
 - Level 3.0 Spellcasting
 + Level 3.8 Translocations


You had 6 spell levels left.
You knew the following spells:

 Your Spells              Type           Power      Damage    Failure   Level
a - Blink                 Tloc           26%        N/A       8%          2
b - Manifold Assault      Tloc           13%        N/A       80%         5

Your spell library contained the following spells:

 Spells                   Type           Power      Damage    Failure   Level
 Gell's Gravitas          Tloc           13%        N/A       14%         3
 Lesser Beckoning         Tloc           13%        N/A       14%         3
 Teleport Other           Tloc           13%        N/A       14%         3
 Corpse Rot               Necr/Air       4%         N/A       34%         2
 Ignite Poison            Fire/Tmut/Pois 2%         N/A       56%         3
 Mephitic Cloud           Conj/Pois/Air  2%         N/A       56%         3
 Dispel Undead            Necr           2%         3d7       92%         4
 Freezing Cloud           Conj/Ice/Air   1%         6-21      99%         5
 Death Channel            Necr           1%         N/A       100%        6


Dungeon Overview and Level Annotations

Branches:
Dungeon (5/15)             Temple (0/1) D:4

Annotations:
D:5 Duvessa


Innate Abilities, Weirdness & Mutations

You have an increased reservoir of magic. (+10% MP)
You shall have no god before yourself.
Your divine heritage dramatically boosts your attributes as you level up.


Message History

Duvessa hits you but does no damage.
Duvessa hits you with a +0 short sword of speed. x2
You hit Duvessa.
Duvessa shudders.
Duvessa is lightly wounded.
Duvessa hits you with a +0 short sword of speed.
You hit Duvessa.
Duvessa shudders.
Duvessa is heavily wounded. x2
Duvessa closely misses you.
Duvessa hits you with a +0 short sword of speed.
You hit Dowan.
Dowan and Duvessa shudder.
You kill Dowan!
Duvessa screams, "No!
How DARE you!"
Duvessa goes berserk!
Duvessa hits you but does no damage. x2
You barely miss Duvessa.
Duvessa is heavily wounded.
Duvessa misses you.
The adder skeleton bites you but does no damage.
Duvessa hits you with a +0 short sword of speed!
The ice beast hits you but does no damage.
You sock the adder skeleton!
The adder skeleton, the ice beast and Duvessa shudder.
You destroy the adder skeleton!
You kill the ice beast!
Duvessa is severely wounded.
Duvessa hits you with a +0 short sword of speed.
Duvessa barely misses you.
Duvessa hits you with a +0 short sword of speed!!
* * * LOW HITPOINT WARNING * * *
Training target 3.0 for Spellcasting reached!
Your Spellcasting skill increases to level 3!
You have reached level 8!
You hit Duvessa.
Duvessa shudders.
Duvessa is severely wounded. x2
Duvessa hits you with a +0 short sword of speed!
* * * LOW HITPOINT WARNING * * *
Duvessa misses you.
You hit Duvessa.
Duvessa shudders.
Duvessa is severely wounded. x2
Duvessa closely misses you.
Duvessa hits you with a +0 short sword of speed.
You die...

... ....... .... .......
..# ....... .. ...#..
..#........
.............#.. .......
..#.........##.# .......
...........##..##)......
.#...##.........@e...#
..........###.......##
.........###..$.....#
..........#............
......................#
..............#...#...#
#........<...##..##.....
.#............#.........
...............>###.


You could see Duvessa (berserk, fast).

Vanquished Creatures
  Pikel (D:4)
  Menkaure (D:4)
  Edmund (D:4)
  An ice beast (D:5)
  2 lemures (D:4)
  A scorpion (D:2)
  Dowan (D:5)
  A water moccasin skeleton (D:4)
  The ghost of yaddayadda the Magician, a weakling DsWz of Ashenzari (D:3)
  A jelly (D:4)
  3 orc wizards
  6 adders
  A white imp (D:3)
  An adder skeleton (D:5)
  A worm (D:3)
  3 dart slugs
  5 orcs
  6 endoplasms
  4 giant cockroaches
  5 goblins
  3 hobgoblins
  4 quokkas
  6 ball pythons
  8 bats
  6 frilled lizards
  A goblin skeleton (D:3)
  2 goblin zombies (D:3)
  2 hobgoblin zombies (D:3)
  4 kobolds
  2 kobold zombies (D:3)
  2 orc skeletons (D:3)
  2 orc zombies (D:3)
  4 rats
92 creatures vanquished.

Vanquished Creatures (others)
  9 plants (D:3)
9 creatures vanquished.

Grand Total: 101 creatures vanquished

Notes
Turn   | Place    | Note
-------+----------+-------------------------------------------
     0 | D:1      | inmateoo the Demigod Warper began the quest for the Orb.
     0 | D:1      | Reached XP level 1. HP: 17/17 MP: 5/5
    57 | D:1      | Reached skill level 1 in Armour
   566 | D:1      | Reached XP level 2. HP: 16/24 MP: 7/7
   889 | D:1      | You fall into a shaft and drop 1 floor!
  1624 | D:2      | Noticed a scorpion
  1632 | D:2      | Killed a scorpion
  1633 | D:2      | Reached XP level 3. HP: 23/30 MP: 8/8
  1795 | D:2      | Reached XP level 4. HP: 36/37 MP: 9/9
  2140 | D:2      | Found the +6 shillelagh "Devastator" {shatter}
  2578 | D:3      | Reached skill level 1 in Maces & Flails
  2833 | D:3      | Reached XP level 5. HP: 42/42 MP: 10/10
  2863 | D:3      | Found a runed translucent door.
  2886 | D:3      | Noticed yaddayadda's ghost (weakling DsWz)
  3143 | D:3      | Killed yaddayadda's ghost
  3144 | D:3      | Reached skill level 2 in Maces & Flails
  3232 | D:4      | Reached XP level 6. HP: 51/51 MP: 11/11
  3347 | D:4      | Noticed Edmund
  3353 | D:4      | Killed Edmund
  3354 | D:4      | Reached skill level 3 in Maces & Flails
  3529 | D:4      | Learned a level 2 spell: Blink
  3535 | D:4      | Learned a level 5 spell: Manifold Assault
  3658 | D:4      | Found a staircase to the Ecumenical Temple.
  3671 | D:4      | Noticed Menkaure
  3674 | D:4      | Killed Menkaure
  3675 | D:4      | Reached skill level 4 in Maces & Flails
  3675 | D:4      | Reached XP level 7. HP: 50/58 MP: 11/13
  3822 | D:4      | Noticed Pikel
  3831 | D:4      | Killed Pikel
  3832 | D:4      | Reached skill level 5 in Maces & Flails
  4100 | D:5      | Entered Level 5 of the Dungeon
  4120 | D:5      | Noticed Dowan
  4123 | D:5      | Noticed Duvessa
  4129 | D:5      | Killed Dowan
  4132 | D:5      | Reached XP level 8. HP: 12/67 MP: 15/15
  4132 | D:5      | HP: 1/67 [Duvessa (11)]
  4133 | D:5      | Slain by Duvessa

Illustrated notes

Levels and vault maps discovered:
D:1:      roderic_crossed_star, layout_basic
D:2:      layout_basic, hellmonk_ecumenical_altar_leap_of_faith,
          kennysheep_generic_room_13
D:3:      layout_basic, nicolae_tso_besieged_by_evil, ebering_ghost_sewer_d,
          serial_bayou_lagoon_a
D:4:      layout_loops_corners, lemuel_doored_altar,
          nicolae_overflow_hidden_temple, minmay_temple_entry_arrows,
          uniq_pikel, uniq_menkaure, uniq_edmund
D:5:      layout_cave_pools, serial_glass, glass_columns_c, glass_columns_a,
          kennysheep_generic_room_6, uniq_eustachio, uniq_ijyb, uniq_duvessa

Skill      XL: |  1  2  3  4  5  6  7 |
---------------+----------------------+-----
Armour         | 1 2 |  2.0
Axes           | 2 3 |  3.1
Fighting       | 2 3 4 |  4.5
Dodging        | 2 3 |  3.0
Maces & Flails | 1 2 4 5 |  5.3
Spellcasting   | 2 3 |  3.0
Translocations | 3 |  3.8
Throwing       | |  0.8

Action                   |  1- 3 |  4- 6 |  7- 9 || total
-------------------------+-------+-------+-------++-------
Melee: Hand axe          |    44 |       |       ||    44
       War axe           |    27 |    30 |       ||    57
       Punch             |     1 |     2 |       ||     3
       Shillelagh        |       |    75 |    20 ||    95
Evoke: Wand              |     1 |       |       ||     1
 Stab: Sleeping          |     1 |       |       ||     1
Armor: Leather armour    |    19 |    38 |     8 ||    65
Dodge: Dodged            |    44 |    67 |    12 ||   123
